Map: Aura da Morte LE

Players

Wizard - Winner!

  • Race: Zerg Zerg
  • League: Master
  • Spawn Location: 11:00

VOD

Have the link to the VOD?

Description

Time

  • Played on: Jan. 1, 2021, 8:33 p.m.
  • Length: 5:38
Show
View Real Time Build Order
Export as new Build Order

Wizard Zerg - Winner!

Build Orders: Hatch First 

Get SALT Encoding   

  12  0:02  Drone  
  12  0:13  Overlord  
  12  0:17  Drone  
  12  0:31  Drone x2  
  12  0:48  Hatchery  
  12  0:51  Drone  
  12  0:55  Drone  
  12  0:58  Drone  
  12  1:12  Spawning Pool  
  12  1:14  Extractor  
  12  1:16  Drone  
  12  1:20  Drone  
  12  1:29  Drone  
  12  1:40  Drone  
  12  1:51  Overlord  
  12  1:59  Queen x2  
  12  2:01  Zergling x4  
  12  2:11  Drone  
  12  2:12  Drone  
  12  2:15  Metabolic Boost  
  12  2:21  Drone  
  12  2:22  Drone  
  12  2:35  Hatchery  
  12  2:37  Drone  
  12  2:40  Drone  
  12  2:46  Queen  
  12  2:51  Overlord  
  12  2:53  Drone  
  12  2:56  Drone  
  12  3:02  Drone  
  12  3:05  Overlord  
  12  3:09  Drone  
  12  3:11  Drone x2  
  12  3:13  Drone  
  12  3:16  Drone  
  12  3:22  Queen  
  12  3:26  Drone  
  12  3:29  Spore Crawler  
  12  3:31  Spore Crawler, Drone  
  12  3:32  Drone  
  12  3:42  Drone x4  
  12  3:48  Drone  
  12  3:49  Queen  
  12  3:57  Extractor  
  12  3:58  Extractor  
  12  3:59  Roach Warren  
  12  4:01  Spore Crawler  
  12  4:10  Lair  
  12  4:11  Drone x2  
  12  4:12  Drone  
  12  4:13  Drone x3  
  12  4:22  Drone  
  12  4:23  Overlord  
  12  4:24  Overlord  
  12  4:25  Overlord  
  12  4:29  Pneumatized Carapace  
  12  4:35  Queen  
  12  4:51  Roach  
  12  4:52  Roach x4  
  12  4:54  Roach  
  12  4:57  Roach x2  
  12  5:00  Roach  
  12  5:02  Roach  
Tags
 
Add a new tag
Caveats
  • Supply blocks, unpowered buildings, or Contaminate may cause inaccurate times.
  • Supply counts are checked every 10 seconds.